[Event "Titled Tuesday Blitz March 01 Late 2022"]
[White "Iskusnyh, Sergei"]
[Black "Kopczynski, Michal"]
[WhiteFideId "4120027"]
[BlackFideId "1124200"]
[WhiteElo "2661"]
[BlackElo "2462"]
[Result "0-1"]
[Round "07"]
[TimeControl "180+1"]
[Date "2022.03.02"]
[WhiteClock "0:00:08"]
[BlackClock "0:00:13"]

1. d4 Nf6 2. c4 g6 3. g3 Bg7 4. Bg2 d6 5. Nc3 O-O 6. Nf3 Nc6 7. O-O Nd7 8. e4 e5 9. Be3 h6 10. Qd2 Kh7 11. Rad1 f5 12. dxe5 Ncxe5 13. Nxe5 Nxe5 14. Qe2 fxe4 15. Nxe4 Be6 16. b3 Qd7 17. Nc5 Qe7 18. Nxe6 Qxe6 19. Bxb7 Rae8 20. Bd5 Qf5 21. Qd2 Nf3+ 22. Bxf3 Qxf3 23. Rde1 h5 24. h4 Re4 25. Bg5 Bd4 26. Rxe4 Qxg3+ 27. Kh1 Qf3+ 28. Kh2 Qxe4 29. f4 Be3 30. Qg2 Qd4 31. f5 Rxf5 32. Rxf5 gxf5 33. Bxe3 Qxe3 34. Qb7 Qf4+ 35. Kg1 Qg4+ 36. Kf2 Qxh4+ 37. Ke3 Qe4+ 38. Qxe4 fxe4 39. Kxe4 Kg6 40. Kf4 Kf6 41. b4 Ke6 42. a4 d5 43. c5 h4 44. b5 d4 45. a5 Kd5 46. b6 cxb6 47. cxb6 axb6 0-1


[Site "https://www.chess.com"]

[Event "Titled Tuesday Blitz March 01 Late 2022"]
[White "Jakubowska, Anna"]
[Black "Antonova, Nadezhda"]
[WhiteFideId "1121952"]
[BlackFideId "14700182"]
[WhiteElo "1924"]
[BlackElo "1765"]
[Result "0-1"]
[Round "07"]
[TimeControl "180+1"]
[Date "2022.03.02"]
[WhiteClock "0:00:44"]
[BlackClock "0:00:05"]

1. e4 c5 2. Nc3 Nc6 3. g3 g6 4. Bg2 Bg7 5. d3 d6 6. Nh3 e6 7. O-O Nge7 8. Be3 O-O 9. Qd2 Nd4 10. Nd1 Re8 11. c3 Ndc6 12. Bh6 Bh8 13. f4 d5 14. Qe2 c4 15. dxc4 dxe4 16. Bxe4 b6 17. Ne3 Bb7 18. Rad1 Qc7 19. g4 Na5 20. Bxb7 Nxb7 21. Qf3 Na5 22. f5 exf5 23. gxf5 Qc6 24. Nd5 Nxf5 25. b4 Qxc4 26. bxa5 Nxh6 27. Ne7+ Kf8 28. Ng5 Kxe7 29. Nxh7 Qg4+ 30. Qxg4 Nxg4 31. Ng5 Ne5 32. Rfe1 f6 33. Nf3 Kf7 34. Nd4 Rad8 35. Re3 Bg7 36. Rf1 Bh6 37. Rg3 Nc4 38. Rgf3 Be3+ 39. Kg2 Bxd4 40. cxd4 f5 41. Rc3 Ne3+ 42. Kf2 Nxf1 43. Kxf1 Rxd4 44. Rc7+ Re7 45. Rc6 bxa5 46. Ra6 Ra4 47. h4 Rxa2 48. h5 gxh5 49. Rh6 Re6 50. Rh7+ Kf6 51. Rxh5 Rd6 52. Rh6+ Ke5 0-1


[Site "https://www.chess.com"]

[Event "Titled Tuesday Blitz March 01 Late 2022"]
[White "Janaszak, Dawid"]
[Black "Kanyamarala, Trisha"]
[WhiteFideId "1119206"]
[BlackFideId "45004722"]
[WhiteElo "2199"]
[BlackElo "2002"]
[Result "0-1"]
[Round "07"]
[TimeControl "180+1"]
[Date "2022.03.02"]
[WhiteClock "0:00:04"]
[BlackClock "0:00:16"]

1. e4 c5 2. Ne2 d6 3. Nbc3 Nc6 4. g3 Nf6 5. Bg2 g6 6. O-O Bg7 7. h3 O-O 8. g4 e5 9. d3 Be6 10. f4 exf4 11. Nxf4 Nd4 12. Nce2 Nd7 13. Ng3 Ne5 14. c3 Ndc6 15. Kh1 Qh4 16. Nf5 gxf5 17. exf5 Bd7 18. Nd5 Bh6 19. Bf4 Bxf4 20. Rxf4 Qg5 21. Qe1 f6 22. h4 Qh6 23. Qg3 Rae8 24. Rg1 Nf7 25. Bh3 Kh8 26. Rg2 Ne7 27. Ne3 Bc6 28. Kh2 Bxg2 29. Bxg2 Nc6 30. Nd5 Re2 31. Kh1 Rfe8 32. g5 fxg5 33. Rg4 gxh4 34. Rxh4 Qg5 35. Qh3 Rxg2 36. Rxh7+ Kg8 37. Qxg2 Re1+ 38. Kh2 Qxg2+ 39. Kxg2 Kxh7 0-1


[Site "https://www.chess.com"]

[Event "Titled Tuesday Blitz March 01 Late 2022"]
[White "Jaracz, Pawel"]
[Black "Bilych, Olexiy"]
[WhiteFideId "1102222"]
[BlackFideId "14156504"]
[WhiteElo "2429"]
[BlackElo "2195"]
[Result "1-0"]
[Round "07"]
[TimeControl "180+1"]
[Date "2022.03.01"]
[WhiteClock "0:00:05"]
[BlackClock "0:00:02"]

1. e4 e5 2. Nf3 Nc6 3. Bc4 Nf6 4. d3 Bc5 5. Nc3 O-O 6. Bg5 h6 7. Bh4 Be7 8. Ne2 d6 9. c3 Be6 10. Bxe6 fxe6 11. O-O Qd7 12. Qb3 b6 13. Rad1 Kh8 14. Bxf6 Bxf6 15. d4 Qf7 16. Qa4 Qe8 17. Qc4 Rc8 18. Ng3 exd4 19. cxd4 e5 20. d5 Ne7 21. Qa6 g5 22. Qxa7 g4 23. Nd2 h5 24. Nc4 h4 25. Ne2 h3 26. gxh3 gxh3 27. Rd3 Qh5 28. Ng3 Rg8 29. Qa4 Qg4 30. Kh1 Ng6 31. Qd1 Nf4 32. Qxg4 Rxg4 33. Rc3 Bh4 34. Nxd6 Rf8 35. Ndf5 Bd8 36. Rc6 Rg6 37. Rfc1 Kh7 38. Rxg6 Kxg6 39. Rc6+ Rf6 40. Rc3 Kg5 41. f3 Rg6 42. Kg1 b5 43. Kf1 Ra6 44. a3 b4 45. Rb3 bxa3 46. bxa3 c6 47. d6 c5 48. Rb8 Bf6 49. d7 Rxa3 50. d8=Q Bxd8 51. Rxd8 Ra1+ 52. Kf2 Ra2+ 53. Ke3 Ra3+ 54. Kd2 Ra2+ 55. Kc3 Rxh2 56. Rg8+ Kf6 57. Rh8 Rf2 58. Rh6+ Kf7 59. Nd6+ Ke7 60. Ngf5+ Kd7 61. Nc4 Rxf3+ 62. Kc2 Rf2+ 63. Kb3 h2 64. Nxe5+ Kc7 65. Rh7+ Kb6 66. Nc4+ Kc6 67. Ne7+ Kb5 68. Na3+ Ka5 69. Nd5 Rf3+ 70. Kc4 Rh3 71. Ra7# 1-0


[Site "https://www.chess.com"]

[Event "Titled Tuesday Blitz March 01 Late 2022"]
[White "Jarocka, Liwia"]
[Black "Burke, Paul"]
[WhiteFideId "21807558"]
[BlackFideId "2605767"]
[WhiteElo "1896"]
[BlackElo "1817"]
[Result "1-0"]
[Round "07"]
[TimeControl "180+1"]
[Date "2022.03.02"]
[WhiteClock "0:01:27"]
[BlackClock "0:01:42"]

1. e4 e5 2. Nf3 Nc6 3. Bc4 Be7 4. O-O Nf6 5. Re1 Nxe4 6. Rxe4 d5 7. Bxd5 Qxd5 8. Nc3 Qd8 9. Nxe5 Nxe5 10. Rxe5 O-O 11. d3 Bd6 12. Re1 Qh4 13. g3 Qh3 14. Qf3 Bg4 15. Qg2 Qh5 16. Qd5 Rae8 17. Bf4 Bxf4 18. Qxh5 Bxh5 19. gxf4 Bf3 20. h3 f5 21. Kh2 b6 22. Kg3 Ba8 23. Nb5 a5 24. Nxc7 Rc8 25. Re7 1-0


[Site "https://www.chess.com"]

[Event "Titled Tuesday Blitz March 01 Late 2022"]
[White "Jaskolka, Tomasz"]
[Black "Lopez Perdomo, Juan David"]
[WhiteFideId "1170791"]
[BlackFideId "4405137"]
[WhiteElo "2054"]
[BlackElo "1997"]
[Result "0-1"]
[Round "07"]
[TimeControl "180+1"]
[Date "2022.03.02"]
[WhiteClock "0:00:02"]
[BlackClock "0:00:07"]

1. d4 c5 2. c3 e6 3. Nf3 d5 4. Bf4 Nf6 5. Nbd2 Bd6 6. Bg3 O-O 7. e3 b6 8. Ne5 Qc7 9. f4 Ba6 10. Bxa6 Nxa6 11. Qe2 Nb8 12. O-O Nbd7 13. Qf3 Qb7 14. Bh4 Ne4 15. Nxe4 dxe4 16. Qh3 f5 17. Kh1 Nxe5 18. fxe5 Be7 19. Bxe7 Qxe7 20. g4 cxd4 21. gxf5 Rxf5 22. Rxf5 exf5 23. Qxf5 dxc3 24. Qxe4 Re8 25. Qc4+ Kh8 26. Qxc3 Qxe5 27. Qxe5 Rxe5 28. Rc1 h6 29. Rc3 Kh7 30. Kg2 Kg6 31. Kf3 Rh5 32. Rc2 Rh4 33. Rd2 Kf5 34. Rd5+ Ke6 35. Rd2 g5 36. Kg3 Ra4 37. b3 Ra5 38. Kg4 Re5 39. Rd3 Re4+ 40. Kg3 h5 41. h3 Re5 42. Rc3 Kf5 43. Kf3 g4+ 44. hxg4+ hxg4+ 45. Kg3 Rc5 46. Rd3 Ke4 47. Rd4+ Kxe3 48. Rxg4 Kd3 49. Rg7 Ra5 50. a4 Kc3 51. Kf3 Kxb3 52. Ke3 Rxa4 53. Kd3 Ra5 54. Kd2 b5 55. Rg3+ Kb2 56. Rg4 Ra4 57. Rg5 b4 58. Rb5 b3 59. Rb7 Rd4+ 60. Ke3 Ra4 61. Kd3 Ra6 62. Kc4 Rc6+ 63. Kd3 a5 64. Ra7 Rc5 65. Kd4 Rh5 66. Kc4 a4 67. Kb4 Rh4+ 68. Kb5 a3 69. Rg7 a2 70. Rg2+ Ka3 71. Rg8 a1=Q 72. Rc8 Qe5+ 73. Kb6 Rh6+ 74. Kb7 Qb5+ 75. Ka8 Ra6# 0-1


[Site "https://www.chess.com"]

[Event "Titled Tuesday Blitz March 01 Late 2022"]
[White "Kaasen, Tor Fredrik"]
[Black "Suder, Jakub"]
[WhiteFideId "1516647"]
[BlackFideId "1195310"]
[WhiteElo "2335"]
[BlackElo "2058"]
[Result "1-0"]
[Round "07"]
[TimeControl "180+1"]
[Date "2022.03.01"]
[WhiteClock "0:01:46"]
[BlackClock "0:01:48"]

1. d4 d5 2. c4 e6 3. Nf3 Nf6 4. g3 Be7 5. Bg2 O-O 6. O-O dxc4 7. Qc2 b5 8. a4 b4 9. Nfd2 Nd5 10. Nxc4 c5 11. dxc5 Ba6 12. Rd1 Nd7 13. Ne3 Rc8 14. Nxd5 exd5 15. Be3 Bxc5 16. Bxc5 Nxc5 17. Bxd5 Qf6 18. Nd2 Bxe2 19. Ne4 Nxe4 20. Qxe2 Nc5 21. a5 Rfe8 22. Qd2 h5 23. Qxb4 h4 24. Qxh4 Qxb2 25. Qf4 Re7 26. Rac1 Rec7 27. Rxc5 Rxc5 28. Qxf7+ 1-0


[Site "https://www.chess.com"]

[Event "Titled Tuesday Blitz March 01 Late 2022"]
[White "Kanyamarala, Tarun"]
[Black "Derraugh, Geordie"]
[WhiteFideId "45004714"]
[BlackFideId "2603950"]
[WhiteElo "2570"]
[BlackElo "2431"]
[Result "1-0"]
[Round "07"]
[TimeControl "180+1"]
[Date "2022.03.02"]
[WhiteClock "0:00:38"]
[BlackClock "0:00:04"]

1. d4 Nf6 2. c4 g6 3. Nc3 d5 4. cxd5 Nxd5 5. e4 Nxc3 6. bxc3 Bg7 7. Nf3 O-O 8. Be2 c5 9. O-O Nc6 10. Be3 Bg4 11. d5 Bxf3 12. Bxf3 Ne5 13. Bxc5 Nxf3+ 14. Qxf3 Rc8 15. Bd4 Bxd4 16. cxd4 Rc4 17. Qd3 Qc7 18. h3 Rc8 19. Rfd1 b5 20. Rab1 b4 21. Rb3 a5 22. a3 Rc3 23. Rxc3 Qxc3 24. axb4 Qxd3 25. Rxd3 axb4 26. Kf1 Rc2 27. Rb3 Rc4 28. Ke2 Rxd4 29. Ke3 Rc4 30. Kd3 Rc1 31. Rxb4 Rg1 32. g3 g5 33. e5 Kg7 34. Rb7 Rd1+ 35. Ke4 Re1+ 36. Kf5 Rd1 37. Rxe7 Rxd5 38. Kxg5 h6+ 39. Kf5 Rb5 40. f4 Kf8 41. Ra7 Kg7 42. g4 Rb3 43. e6 Rb5+ 44. Ke4 Rb4+ 45. Kf3 Rb3+ 46. Kg2 Rb2+ 47. Kg3 Rb3+ 48. Kh4 Kg6 49. Rxf7 h5 50. f5+ Kh6 51. g5# 1-0


[Site "https://www.chess.com"]

[Event "Titled Tuesday Blitz March 01 Late 2022"]
[White "Kevlishvili, Robby"]
[Black "Yuan, Qingyu"]
[WhiteFideId "1040634"]
[BlackFideId "8609772"]
[WhiteElo "2584"]
[BlackElo "2359"]
[Result "1-0"]
[Round "07"]
[TimeControl "180+1"]
[Date "2022.03.01"]
[WhiteClock "0:02:12"]
[BlackClock "0:01:09"]

1. e4 c5 2. Nf3 d6 3. d4 cxd4 4. Nxd4 Nf6 5. Nc3 a6 6. h4 e5 7. Nb3 Be7 8. Bg5 Be6 9. Bxf6 Bxf6 10. g3 Be7 11. Qd3 Nd7 12. O-O-O b5 13. a3 Nb6 14. Kb1 Rc8 15. f4 O-O 16. f5 Bc4 17. Qe3 Bxf1 18. Rhxf1 Nc4 19. Qd3 Re8 20. Nd5 Bf8 21. g4 Qxh4 22. g5 a5 23. Rh1 Qf2 24. Rdf1 Qg2 25. Rfg1 Qf2 26. Nf6+ gxf6 27. gxf6+ Kh8 28. Rxh7+ Kxh7 29. Qh3+ Bh6 30. Rg7+ 1-0


[Site "https://www.chess.com"]

[Event "Titled Tuesday Blitz March 01 Late 2022"]
[White "Kim, Sergey"]
[Black "Vifleemskaia, Svetlana"]
[WhiteFideId "13700570"]
[BlackFideId "4129490"]
[WhiteElo "2600"]
[BlackElo "1901"]
[Result "1/2-1/2"]
[Round "07"]
[TimeControl "180+1"]
[Date "2022.03.02"]
[WhiteClock "0:00:54"]
[BlackClock "0:00:13"]

1. d4 Nf6 2. c4 e6 3. Nc3 Bb4 4. Qc2 d5 5. a3 Bxc3+ 6. Qxc3 dxc4 7. Qxc4 O-O 8. Nf3 b6 9. g3 Ba6 10. Qc2 Nbd7 11. Qc6 Qb8 12. Bg2 Bb7 13. Qa4 c5 14. O-O cxd4 15. Qxd4 Nc5 16. Bf4 Qd8 17. Rad1 Qxd4 18. Nxd4 Bxg2 19. Kxg2 Rac8 20. Nb5 a6 21. Nd6 Rc6 22. Rc1 Nd5 23. Nc4 Nb3 24. Rc2 f6 25. e4 Nxf4+ 26. gxf4 Rfc8 27. Rc3 Rxc4 28. Rxb3 b5 29. f3 Rc2+ 30. Rf2 Rxf2+ 31. Kxf2 Rc2+ 32. Kg3 Kf7 33. a4 bxa4 34. Rb6 h5 35. h4 a5 36. Rb5 Kg6 37. Rxa5 Rxb2 38. Rxa4 Rb6 39. Ra5 Kh6 40. f5 exf5 41. Rxf5 Kg6 42. Ra5 Rc6 43. Kf4 Rc1 44. Ra6 Rh1 45. Kg3 Rg1+ 46. Kf2 Rh1 47. Kg3 Rg1+ 48. Kh2 Rf1 49. Kg2 Rd1 50. e5 Kf5 51. exf6 gxf6 52. Kg3 Rg1+ 53. Kh2 Rf1 54. Kg2 Rd1 55. Ra5+ Kg6 56. Kg3 Rg1+ 57. Kh2 Rf1 58. Kg2 Rd1 59. Kg3 Rg1+ 60. Kh2 Rf1 61. Kg2 Rd1 1/2-1/2


[Site "https://www.chess.com"]

[Event "Titled Tuesday Blitz March 01 Late 2022"]
[White "Kollars, Dmitrij"]
[Black "Goryachkina, Aleksandra"]
[WhiteFideId "12909572"]
[BlackFideId "4147103"]
[WhiteElo "2584"]
[BlackElo "2426"]
[Result "1-0"]
[Round "07"]
[TimeControl "180+1"]
[Date "2022.03.01"]
[WhiteClock "0:00:08"]
[BlackClock "0:00:01"]

1. d4 Nf6 2. c4 e6 3. Nf3 d5 4. g3 dxc4 5. Bg2 c5 6. O-O Nc6 7. dxc5 Qxd1 8. Rxd1 Bxc5 9. Nbd2 c3 10. bxc3 O-O 11. Nb3 Be7 12. c4 Bd7 13. Nfd4 Rac8 14. Nb5 Rfd8 15. c5 Be8 16. Bf4 Rxd1+ 17. Rxd1 a6 18. Nd6 Rd8 19. Rb1 Bxd6 20. cxd6 e5 21. Bxc6 exf4 22. Bxb7 fxg3 23. hxg3 Rxd6 24. Nc5 a5 25. Bf3 h6 26. Rb8 Kf8 27. Ra8 g5 28. Rxa5 Rd1+ 29. Kg2 g4 30. Bb7 Rd2 31. e3 Rb2 32. Ba8 Bb5 33. Ne4 Nxe4 34. Bxe4 Bc4 35. a4 Ra2 36. Bc6 Ra1 37. Rc5 Bf1+ 38. Kh2 Ra2 39. Kg1 Bd3 40. a5 Ke7 41. Bb7 Ra1+ 42. Kg2 Bf1+ 43. Kh2 Ra2 44. Kg1 Ra1 45. Kh2 Ra2 46. Rc1 Bd3 47. Rc7+ Kf6 48. Rc6+ Kg7 49. Rc5 Rxf2+ 50. Kg1 Ra2 51. Bd5 Ra1+ 52. Kf2 Rf1+ 53. Kg2 Ra1 54. e4 Rb1 55. Kf2 Rb2+ 56. Ke3 Bf1 57. Kf4 h5 58. Rc7 Rf2+ 59. Kg5 Rh2 60. Rxf7+ 1-0


[Site "https://www.chess.com"]

[Event "Titled Tuesday Blitz March 01 Late 2022"]
[White "Krishnan, Varun"]
[Black "Dourerassou, Jonathan"]
[WhiteFideId "5054508"]
[BlackFideId "628050"]
[WhiteElo "2618"]
[BlackElo "2513"]
[Result "1-0"]
[Round "07"]
[TimeControl "180+1"]
[Date "2022.03.01"]
[WhiteClock "0:00:27"]
[BlackClock "0:00:57"]

1. e4 d6 2. d4 g6 3. Nc3 Bg7 4. Be3 c6 5. h4 Qa5 6. h5 Nf6 7. h6 Bf8 8. f3 b5 9. Qd2 Nbd7 10. g4 Nb6 11. a3 b4 12. Na2 c5 13. axb4 cxb4 14. Qxb4 Qxb4+ 15. Nxb4 Bd7 16. d5 Nc8 17. Ba6 Rb8 18. c3 e6 19. Bxc8 Rxc8 20. Bd4 e5 21. Be3 Be7 22. Rxa7 Bb5 23. Nh3 Bd8 24. Kf2 O-O 25. Rha1 Nd7 26. Rb7 Rb8 27. Raa7 Bb6 28. Rxd7 Bxa7 29. Rxa7 f5 30. gxf5 gxf5 31. Ng5 fxe4 32. Nxe4 Rbd8 33. Bg5 Ra8 34. Nf6+ Rxf6 35. Rxa8+ Rf8 36. Rxf8+ Kxf8 37. f4 Kf7 38. fxe5 dxe5 39. b3 Kg6 40. Be3 Kf5 41. c4 Be8 42. c5 Ke4 43. c6 Kf5 44. d6 Ke6 45. d7 Bxd7 46. cxd7 Kxd7 47. Nd3 Ke6 48. b4 e4 49. Nc5+ Kd5 50. b5 Kd6 51. Nxe4+ Kc7 52. Ng5 Kb7 53. Nxh7 1-0


[Site "https://www.chess.com"]

[Event "Titled Tuesday Blitz March 01 Late 2022"]
[White "Landaw, Julian"]
[Black "Mekhitarian, Krikor Sevag"]
[WhiteFideId "2023342"]
[BlackFideId "2107660"]
[WhiteElo "2312"]
[BlackElo "2598"]
[Result "0-1"]
[Round "07"]
[TimeControl "180+1"]
[Date "2022.03.01"]
[WhiteClock "0:00:02"]
[BlackClock "0:00:23"]

1. e4 c5 2. Nc3 e6 3. g3 d5 4. exd5 exd5 5. Bg2 d4 6. Nd5 Nc6 7. Qe2+ Be7 8. d3 Be6 9. Nxe7 Ngxe7 10. Nh3 Bd5 11. O-O Bxg2 12. Kxg2 Qd7 13. Re1 O-O-O 14. Bd2 Ng6 15. Qh5 f6 16. Qxc5 Kb8 17. Bf4+ Ka8 18. a4 Rc8 19. Qb5 a6 20. Qb3 Nce5 21. Bxe5 Nxe5 22. Nf4 Rhd8 23. Re4 Qc6 24. Kg1 Nf3+ 25. Kh1 Nd2 26. Qe6 Nxe4 27. dxe4 Qxe6 28. Nxe6 Rd7 29. Rc1 d3 30. c3 Rc4 31. f3 d2 32. Rd1 Rxa4 33. Nd4 Ra1 34. Rxa1 b5 35. Rd1 b4 36. Rxd2 bxc3 37. bxc3 Rc7 38. Rc2 Ka7 39. Kg2 Kb6 40. Kf2 Rc4 41. Ke3 Kc5 42. Kd3 Ra4 43. Rb2 Kd6 0-1


[Site "https://www.chess.com"]

[Event "Titled Tuesday Blitz March 01 Late 2022"]
[White "Leenhouts, Koen"]
[Black "Zhou, Qiyu"]
[WhiteFideId "1008439"]
[BlackFideId "505161"]
[WhiteElo "2409"]
[BlackElo "1925"]
[Result "1-0"]
[Round "07"]
[TimeControl "180+1"]
[Date "2022.03.02"]
[WhiteClock "0:00:38"]
[BlackClock "0:00:01"]

1. d4 Nf6 2. c4 e6 3. g3 d5 4. Nf3 Bb4+ 5. Nbd2 O-O 6. Bg2 b6 7. O-O c6 8. Qc2 Ba6 9. b3 Nbd7 10. Bb2 Rc8 11. Rfd1 c5 12. dxc5 Bxc5 13. e3 Qe7 14. Rac1 Rfd8 15. Qb1 Bb4 16. Nd4 Ne5 17. N2f3 Nxf3+ 18. Bxf3 Bc5 19. cxd5 Nxd5 20. a3 Bb7 21. b4 Bd6 22. Bg2 a6 23. Rxc8 Rxc8 24. Nf5 exf5 25. Bxd5 Bxd5 26. Rxd5 Qe6 27. Qxf5 Qxf5 28. Rxf5 Rc2 29. Rd5 Be7 30. Bd4 b5 31. Rd7 Kf8 32. Ra7 Ke8 33. Rxa6 f6 34. Kg2 1-0


[Site "https://www.chess.com"]

[Event "Titled Tuesday Blitz March 01 Late 2022"]
[White "Levine, David"]
[Black "Kaplan, Ebru"]
[WhiteFideId "2011611"]
[BlackFideId "6315194"]
[WhiteElo "2136"]
[BlackElo "1941"]
[Result "1-0"]
[Round "07"]
[TimeControl "180+1"]
[Date "2022.03.02"]
[WhiteClock "0:00:32"]
[BlackClock "0:00:18"]

1. d4 d5 2. c4 c6 3. Nf3 Nf6 4. Qc2 dxc4 5. Qxc4 Bf5 6. g3 e6 7. Bg2 Be7 8. Nc3 O-O 9. O-O Nbd7 10. Re1 Rc8 11. e4 Bg6 12. Bf4 c5 13. Rad1 a6 14. d5 exd5 15. exd5 b5 16. Qe2 Re8 17. Qd2 Nb6 18. d6 Bf8 19. Rxe8 Qxe8 20. Ne5 Nfd7 21. Nxg6 hxg6 22. Nd5 Nc4 23. Qc1 Bxd6 24. Bh3 Bxf4 25. Qxf4 Rd8 26. b3 Qe2 27. Bg4 Qxa2 28. bxc4 b4 29. Qc7 Re8 30. Qxd7 1-0


[Site "https://www.chess.com"]

[Event "Titled Tuesday Blitz March 01 Late 2022"]
[White "Maltsevskaya, Aleksandra"]
[Black "Suarez Uriel, Adrian"]
[WhiteFideId "24174041"]
[BlackFideId "22230874"]
[WhiteElo "2630"]
[BlackElo "2452"]
[Result "0-1"]
[Round "07"]
[TimeControl "180+1"]
[Date "2022.03.02"]
[WhiteClock "0:00:37"]
[BlackClock "0:00:52"]

1. e4 c5 2. Nf3 Nc6 3. d4 cxd4 4. Nxd4 g6 5. Nc3 Bg7 6. Be3 Nf6 7. f3 O-O 8. Qd2 d5 9. Nxc6 bxc6 10. O-O-O Qa5 11. a3 dxe4 12. Nxe4 Qxd2+ 13. Rxd2 Nd5 14. Bd4 Bh6 15. Bc4 Bf5 16. Re1 Rfd8 17. g3 Bxd2+ 18. Nxd2 Nb6 19. Bxb6 axb6 20. Rxe7 Rd7 21. Bxf7+ Kg7 22. Rxd7 Bxd7 23. Bc4 b5 24. Bd3 b4 25. axb4 Ra1+ 26. Nb1 Kf6 27. b3 Ke5 28. Kb2 Ra8 29. Nd2 Kd4 30. Ne4 Ke3 31. Nf6 Bf5 32. Bxf5 gxf5 33. Nxh7 Kxf3 34. Ng5+ Kg2 35. Ne6 Kxh2 36. Nd4 Rf8 37. Nxc6 Kxg3 38. Nd4 f4 39. c4 f3 40. Nxf3 Kxf3 41. Kc3 Ke4 42. b5 Ke5 43. Kb4 Kd6 44. Ka5 Kc5 45. Ka6 Ra8+ 46. Kb7 Ra3 47. b4+ Kxc4 48. b6 Kb5 49. Kc7 Rc3+ 50. Kb7 Rc6 51. Ka8 Kxb6 52. b5 Rc8# 0-1


[Site "https://www.chess.com"]

[Event "Titled Tuesday Blitz March 01 Late 2022"]
[White "Martin Barcelo, Carles"]
[Black "Kostiukov, Alexandr"]
[WhiteFideId "24561444"]
[BlackFideId "14108100"]
[WhiteElo "1875"]
[BlackElo "2202"]
[Result "0-1"]
[Round "07"]
[TimeControl "180+1"]
[Date "2022.03.02"]
[WhiteClock "0:00:02"]
[BlackClock "0:00:08"]

1. e4 c5 2. Nf3 g6 3. d4 cxd4 4. Qxd4 Nf6 5. Nc3 Nc6 6. Qa4 d6 7. e5 dxe5 8. Nxe5 Bg7 9. Bb5 O-O 10. Nxc6 bxc6 11. Bxc6 Rb8 12. O-O Qb6 13. Bf3 Bf5 14. Nd5 Nxd5 15. Bxd5 Bxb2 16. Bxb2 Qxb2 17. Qxa7 e6 18. Bb3 Bxc2 19. Bxc2 Qxc2 20. a4 Ra8 21. Qd4 Rfd8 22. Qf4 Rd5 23. Rfc1 Qb2 24. h4 Rf5 25. Qe3 Raa5 26. Rc8+ Kg7 27. Qc3+ Qxc3 28. Rxc3 Rf4 29. g3 Rfxa4 30. Rxa4 Rxa4 31. Kg2 h5 32. Rc5 Kf6 33. Rb5 e5 34. Rb7 Ra2 35. Rc7 e4 36. Kf1 Ke6 37. Rb7 f6 38. Rb5 Rd2 39. Rb4 Kf5 40. Ke1 Rd5 41. Ke2 Ke5 42. Ke3 Rd3+ 43. Ke2 g5 44. Rb5+ Rd5 45. Rb8 gxh4 46. gxh4 Kf5 47. Rg8 Rd3 48. Rh8 Kg4 49. Rf8 Rf3 50. Re8 f5 51. Rg8+ Kxh4 52. Rg1 Rh3 53. Rg8 Rh1 54. Rg7 Ra1 55. Ke3 Ra3+ 56. Ke2 Kh3 57. Rg3+ Rxg3 58. fxg3 Kxg3 0-1


[Site "https://www.chess.com"]

[Event "Titled Tuesday Blitz March 01 Late 2022"]
[White "Medeiros Jr, Francisco De Assis"]
[Black "Stanisz, Patryk"]
[WhiteFideId "2114267"]
[BlackFideId "1123106"]
[WhiteElo "1998"]
[BlackElo "1876"]
[Result "1-0"]
[Round "07"]
[TimeControl "180+1"]
[Date "2022.03.02"]
[WhiteClock "0:00:13"]
[BlackClock "0:00:30"]

1. d4 Nf6 2. c4 c5 3. d5 b5 4. cxb5 a6 5. Nc3 d6 6. e4 g6 7. Bf4 Bg7 8. h3 O-O 9. Qc2 axb5 10. Bxb5 Ba6 11. Nge2 Bxb5 12. Nxb5 Qb6 13. Nec3 Na6 14. O-O Nb4 15. Qe2 Rfb8 16. a4 Na6 17. Rfd1 Nc7 18. Kh2 Nh5 19. Be3 Bxc3 20. bxc3 Nxb5 21. axb5 Rxa1 22. Rxa1 Qxb5 23. Qxb5 Rxb5 24. Bh6 Rb8 25. Ra7 Re8 26. g4 Nf6 27. f3 e6 28. dxe6 Rxe6 29. Ra8+ Ne8 30. g5 Re7 31. Kg3 Re6 32. h4 f6 33. gxf6 Kf7 34. Ra7+ Kxf6 35. Bg5+ Ke5 36. Bf4+ Kf6 37. Rxh7 d5 38. e5+ Kf5 39. Rf7+ 1-0


[Site "https://www.chess.com"]

[Event "Titled Tuesday Blitz March 01 Late 2022"]
[White "Melkumyan, Hrant"]
[Black "Kamsky, Gata"]
[WhiteFideId "13302485"]
[BlackFideId "2000024"]
[WhiteElo "2604"]
[BlackElo "2645"]
[Result "1-0"]
[Round "07"]
[TimeControl "180+1"]
[Date "2022.03.01"]
[WhiteClock "0:00:14"]
[BlackClock "0:00:01"]

1. d4 d5 2. c4 c6 3. Nf3 Nf6 4. Nc3 a6 5. g3 Bf5 6. Bg2 e6 7. O-O Be7 8. Nh4 Bg6 9. Nxg6 hxg6 10. Qd3 Nbd7 11. b3 O-O 12. Bb2 Re8 13. e3 Qb8 14. Rfc1 Rd8 15. Qe2 Qa7 16. a3 Rac8 17. c5 e5 18. dxe5 Nxe5 19. Nxd5 Nxd5 20. Bxe5 Bxc5 21. b4 Be7 22. Qb2 Nf6 23. Bh3 Ra8 24. Rd1 a5 25. Bd4 Qb8 26. b5 a4 27. Bg2 Qd6 28. bxc6 bxc6 29. Qc2 Rdc8 30. Qc4 Qc7 31. Rdc1 Ra5 32. Bh3 Rb8 33. Qxc6 Qxc6 34. Rxc6 Rab5 35. Rc4 Rb1+ 36. Rxb1 Rxb1+ 37. Kg2 Bxa3 38. Rxa4 Bd6 39. Ra8+ Rb8 40. Ra6 Be7 41. Ra1 Ne8 42. Ra6 Bf6 43. Bc5 Nc7 44. Rc6 Nd5 45. Bg4 Nc3 46. Bf3 Re8 47. h4 Ne4 48. Bb4 g5 49. Rc4 Nxf2 50. Kxf2 gxh4 51. gxh4 Rb8 52. h5 Kh7 53. Bc5 Rb2+ 54. Be2 Be5 55. Kf3 1-0


[Site "https://www.chess.com"]

[Event "Titled Tuesday Blitz March 01 Late 2022"]
[White "Mirzoev, Azer"]
[Black "Tomb, Maroun"]
[WhiteFideId "13400304"]
[BlackFideId "5300398"]
[WhiteElo "2525"]
[BlackElo "2565"]
[Result "1/2-1/2"]
[Round "07"]
[TimeControl "180+1"]
[Date "2022.03.01"]
[WhiteClock "0:00:23"]
[BlackClock "0:00:19"]

1. c4 d6 2. Nc3 Nd7 3. g3 Ngf6 4. Bg2 e5 5. d3 c6 6. Rb1 a5 7. a3 Be7 8. b4 axb4 9. axb4 O-O 10. b5 Qc7 11. Nh3 Nc5 12. O-O h6 13. Be3 Be6 14. Bxc5 dxc5 15. bxc6 bxc6 16. Kh1 Ra3 17. Qc1 Rfa8 18. Ng1 Qa5 19. Nd1 e4 20. dxe4 Nd7 21. f4 Nb6 22. f5 Bxc4 23. Rxb6 Qxb6 24. Qxc4 R8a4 25. Qc2 Ra2 26. Qd3 c4 27. Qf3 Bf6 28. Qf4 c3 29. Nxc3 Bxc3 30. Qd6 Rd2 31. Qe7 Qd8 32. Qc5 Qd4 33. Qxc6 Ra1 34. Rxa1 Bxa1 35. Qe8+ Kh7 36. Qxf7 Rd1 37. Qg6+ Kh8 38. Qe8+ Kh7 39. Qg6+ Kh8 40. Qe8+ Kh7 41. Qg6+ 1/2-1/2


[Site "https://www.chess.com"]

[Event "Titled Tuesday Blitz March 01 Late 2022"]
[White "Miszler, Levente"]
[Black "Ibadov, Dashgyn"]
[WhiteFideId "763276"]
[BlackFideId "24107514"]
[WhiteElo "2395"]
[BlackElo "2544"]
[Result "0-1"]
[Round "07"]
[TimeControl "180+1"]
[Date "2022.03.02"]
[WhiteClock "0:00:07"]
[BlackClock "0:01:11"]

1. Nf3 d5 2. e3 Nf6 3. b3 c5 4. Bb2 Nc6 5. d4 Bf5 6. dxc5 e6 7. Nd4 Bg6 8. Bb5 Rc8 9. Nxc6 bxc6 10. Ba6 Rb8 11. O-O Bxc5 12. Nd2 O-O 13. Nf3 Bd6 14. Bd3 c5 15. Bxg6 hxg6 16. Be5 Bxe5 17. Nxe5 Qc7 18. f4 Rfd8 19. Qe2 c4 20. Rfd1 Rdc8 21. Nf3 Ne4 22. Nd4 Nc3 23. Qf3 Nxd1 24. Rxd1 cxb3 25. axb3 a5 26. Ra1 Qb6 27. h4 Rc3 28. h5 gxh5 29. Qxh5 Rxe3 30. Rd1 Re4 31. c3 Rc8 32. Qh3 a4 33. Kf2 axb3 34. Rh1 Rxf4+ 35. Ke3 Rxc3+ 36. Kxf4 Qxd4+ 37. Kg5 Rxh3 0-1


[Site "https://www.chess.com"]

[Event "Titled Tuesday Blitz March 01 Late 2022"]
[White "Mogranzini, Roberto"]
[Black "Perez Torres, Nabi Isaias"]
[WhiteFideId "810894"]
[BlackFideId "5120373"]
[WhiteElo "2469"]
[BlackElo "1755"]
[Result "1-0"]
[Round "07"]
[TimeControl "180+1"]
[Date "2022.03.02"]
[WhiteClock "0:01:38"]
[BlackClock "0:00:06"]

1. e4 c5 2. Nf3 d6 3. Nc3 Nf6 4. e5 dxe5 5. Nxe5 a6 6. a4 e6 7. g3 Be7 8. Bg2 O-O 9. O-O Nbd7 10. Nc4 Nb6 11. b3 Nxc4 12. bxc4 Qc7 13. d3 Bd7 14. Bf4 Qc8 15. a5 Bc6 16. Qe2 Rd8 17. Rfb1 Rd7 18. Na4 Bd8 19. Nxc5 Bxg2 20. Nxd7 Bh3 21. Ne5 Nd7 22. Qf3 Ra7 23. Ra3 Nxe5 24. Bxe5 Bf5 25. Rab3 Bxa5 26. Rxb7 Rxb7 27. Rxb7 1-0


[Site "https://www.chess.com"]